 Dungeon Crawl Stone Soup version 0.19.0-22-gd96e5fe (webtiles) character file.

662 XO4YCPATb the Slicer (level 7, 42/60 HPs)
             Began as a Deep Elf Berserker on Nov 18, 2016.
             Was a Believer of Trog.
             Quit the game on level 3 of the Dungeon.
             The game lasted 00:08:25 (3299 turns).

XO4YCPATb the Slicer (Deep Elf Berserker)           Turns: 3299, Time: 00:08:26

Health: 42/60      AC:  9    Str: 21    XL:     7   Next: 30%
Magic:  9/9        EV: 11    Int: 12    God:    Trog [**....]
Gold:   109        SH:  0    Dex: 14    Spells: 0 memorised, 6 levels left

rFire  . . .     SeeInvis .     d - +0 short sword (speed)
rCold  . . .     Gourm    .     g - +0 scale mail
rNeg   . . .     Faith    .     (no shield)
rPois  .         Spirit   .     i - +2 helmet
rElec  .         Reflect  .     (no cloak)
rCorr  .         Harm     .     (no gloves)
MR     .....                    (no boots)
Stlth  ..........               (no amulet)
                                (no ring)
                                (no ring)

@: berserking, very quick
A: no striking features
a: Berserk, Trog's Hand, Burn Spellbooks, Renounce Religion


You were on level 3 of the Dungeon.
You worshipped Trog.
Trog was pleased with you.
You were hungry.

You visited 1 branch of the dungeon, and saw 4 of its levels.

You collected 109 gold pieces.

Inventory:

Hand Weapons
 d - a +0 short sword of speed (weapon)
Armour
 g - a +0 scale mail (worn)
 i - a +2 helmet (worn)
Wands
 o - a wand of slowing (11/48)
Scrolls
 e - 2 scrolls of noise
 f - a scroll of enchant armour {unknown}
 h - a scroll of fog {unknown}
 j - 3 scrolls of remove curse
 l - a scroll of immolation {unknown}
 m - a scroll of identify {unknown}
 n - a scroll of teleportation {unknown}
 v - a scroll of blinking {unknown}
Potions
 b - 7 potions of curing {unknown}
 p - 3 potions of heal wounds {unknown}
 q - 2 potions of ambrosia {unknown}
 r - a potion of degeneration {unknown}
 s - a potion of lignification {unknown}
Books
 u - a book of Conjurations

   Spells                             Type                      Level
   a - Magic Dart                     Conjuration                  1
   b - Searing Ray                    Conjuration                  2
   c - Dazzling Spray                 Conjuration/Hexes            3
   d - Fulminant Prism                Conjuration/Hexes            4
   e - Iskenderun's Mystic Blast      Conjuration                  4
   f - Iskenderun's Battlesphere      Conjuration/Charms           5
   Trog disapproves of the use of such an item.
Comestibles
 a - 2 meat rations
 c - 5 bread rations
 k - a beef jerky
 t - 7 chunks of flesh


   Skills:
 - Level 2.4 Fighting
 * Level 8.0 Short Blades
 - Level 1.5 Armour
 - Level 2.4 Dodging
 - Level 3.6 Stealth


You had 6 spell levels left.
You didn't know any spells.

Dungeon Overview and Level Annotations

Branches:
Dungeon (4/15)
 Temple: D:4-7

Altars:

Annotations:
D:4 Dowan


Message History

You climb upwards.
There is a stone staircase leading down here.
A red film seems to cover your vision as you go berserk!
You feel yourself moving faster!
You feel mighty!
You are feeling hungry.
The black bear bites you. The black bear closely misses you.
The black bear claws you but does no damage.
You hit the black bear.
The black bear is heavily wounded.
You puncture the black bear!
The black bear is almost dead.
You puncture the black bear!
You kill the black bear!
Trog accepts your kill.
Your Short Blades skill increases to level 8!
You see here a black bear corpse.
You butcher the black bear corpse.
You feel a strong urge to attack something.
t - 7 chunks of flesh (gained 2) Are you sure you want to abandon this character and quit the game? (Confirm with "yes".)

#.# #.# #.# #.# #.# #.# #.# #.#
##'###########.#
#..............#
#..............#
###..............#
##############..@...).........#
.................>.[[.........#
####.#########)...............#
#.#### #................#
#....# ###..............#
####....# #..............#
........# #..............#
........# #..............#
.....#### #..............#


There were no monsters in sight!

Vanquished Creatures
  Grinder (D:3)
  Sigmund (D:3)
  A black bear (D:3)
  Jessica (D:3)
  Ijyb (D:3)
  3 gnolls (D:2)
  4 adders
  An ooze (D:3)
  3 worms
  2 dart slugs
  A leopard gecko (D:2)
  2 orcs (D:3)
  5 giant cockroaches
  4 hobgoblins
  8 jackals (D:3)
  A quokka (D:2)
  2 ball pythons
  9 bats
  8 frilled lizards
  11 goblins
  7 kobolds
  7 rats (D:1)
83 creatures vanquished.

Notes
Turn   | Place    | Note
-------+----------+-------------------------------------------
     0 | D:1      | XO4YCPATb the Deep Elf Berserker began the quest for the Orb.
     0 | D:1      | Reached XP level 1. HP: 13/13 MP: 3/3
   107 | D:1      | Reached skill level 1 in Stealth
   377 | D:1      | Reached XP level 2. HP: 18/18 MP: 4/4
  1054 | D:1      | Reached XP level 3. HP: 15/22 MP: 5/5
  1689 | D:2      | Reached ** piety under Trog
  1716 | D:2      | Reached skill level 4 in Short Blades
  1863 | D:2      | Reached XP level 4. HP: 27/27 MP: 6/6
  2450 | D:3      | Noticed Grinder
  2470 | D:3      | Killed Grinder
  2470 | D:3      | Reached skill level 6 in Short Blades
  2470 | D:3      | Reached XP level 5. HP: 31/31 MP: 7/7
  2470 | D:3      | Reached XP level 6. HP: 36/36 MP: 8/8
  2779 | D:3      | Noticed Sigmund
  2788 | D:3      | Killed Sigmund
  2788 | D:3      | Reached skill level 7 in Short Blades
  2949 | D:3      | Noticed Ijyb
  2965 | D:3      | Killed Ijyb
  2965 | D:3      | Reached XP level 7. HP: 40/40 MP: 9/9
  2967 | D:3      | Noticed Jessica
  2988 | D:3      | Killed Jessica
  3283 | D:4      | Noticed Dowan
  3295 | D:3      | Reached skill level 8 in Short Blades
  3299 | D:3      | Quit the game

Skill      XL: |  1  2  3  4  5  6  7 |
---------------+----------------------+-----
Stealth        | 1 2 3 |  3.6
Short Blades   | 4 6 7 8 |  8.0
Fighting       | |  2.4
Armour         | |  1.5
Dodging        | |  2.4

Action                   |  1- 3 |  4- 6 |  7- 9 || total
-------------------------+-------+-------+-------++-------
Melee: Short sword       |   161 |   166 |    35 ||   362
Invok: Berserk           |     6 |     6 |     1 ||    13
       Trog's Hand       |       |     2 |     1 ||     3
  Use: Scroll            |     2 |       |       ||     2
  Eat: Chunk             |     7 |    10 |     2 ||    19
Armor: Animal skin       |     3 |       |       ||     3
       Scale mail        |    46 |    48 |    12 ||   106
Dodge: Dodged            |    70 |    51 |    18 ||   139
